 Dungeon Crawl Stone Soup version 0.29.1-12-g30fa7ad0bf (webtiles) character file.

Game seed: 17479648655248377641

377 bubby the Firebug (level 6, -1/41 HPs)
             Began as a Demonspawn Fire Elementalist on Jan 12, 2023.
             Slain by an iguana (11 damage)
             ... on level 4 of the Dungeon.
             The game lasted 00:16:31 (5261 turns).

bubby the Firebug (Demonspawn Fire Elementalist)    Turns: 5261, Time: 00:16:32

Health: -1/41      AC:  5    Str: 11    XL:     6   Next: 45%
Magic:  2/11       EV: 13    Int: 18    God:
Gold:   240        SH:  0    Dex: 13    Spells: 8/11 levels left

rFire   + . .      SeeInvis .   y - staff of fire
rCold   + . .      Faith    .   (no shield)
rNeg    . . .      Spirit   .   f - +0 robe "Juestropn" {rElec rC+ Str+2}
rPois   +          Reflect  .   (helmet restricted)
rElec   +          Harm     .   C - +0 cloak
rCorr   .          Rampage  .   (no gloves)
Will    +....                   x - +0 pair of boots
Stlth   ++........              (no amulet)
HPRegen 0.13/turn               v - ring of willpower
MPRegen 0.12/turn               w - ring of poison resistance

@: brilliant
A: horns 2, demonic guardian 1, sharp scales 1
a: no special abilities


You were on level 4 of the Dungeon.
You visited 1 branch of the dungeon, and saw 4 of its levels.

You collected 240 gold pieces.

Inventory:

Hand Weapons
 l - a +0 dagger of speed
 q - a +3 vampiric scythe
Armour
 a - a +0 robe
 f - the +0 robe "Juestropn" (worn) {rElec rC+ Str+2}
   (You found it on level 4 of the Dungeon)

   Str:       It affects your strength (+2).
   rC:        It protects you from cold.
   rElec:     It insulates you from electricity.
 x - a +0 pair of boots (worn)
 C - a +0 cloak (worn)
Magical Staves
 y - a staff of fire (weapon)
Jewellery
 v - a ring of willpower (left hand)
 w - a ring of poison resistance (right hand)
 B - a ring of resist corrosion
Wands
 t - a wand of roots (11)
Scrolls
 c - a scroll of fear {unknown}
 d - 2 scrolls of immolation {unknown}
 g - 4 scrolls of identify {unknown}
 j - a scroll of enchant weapon {unknown}
 k - 3 scrolls of butterflies {unknown}
 p - a scroll of noise {unknown}
 r - a scroll of torment {unknown}
 u - a scroll of teleportation {unknown}
Potions
 b - 2 potions of magic
 e - a potion of berserk rage {unknown}
 h - 3 potions of curing
 i - 3 potions of brilliance
 m - a potion of degeneration {unknown}
 z - a potion of attraction {unknown}
 A - a potion of resistance {unknown}


   Skills:
 + Level 3.2 Dodging
 + Level 3.4 Stealth
 + Level 3.3 Spellcasting
 + Level 2.9 Conjurations
 + Level 3.7 Fire Magic


You had 8 spell levels left.
You knew the following spells:

 Your Spells              Type           Power      Damage    Failure   Level
a - Foxfire               Conj/Fire      100%       2x1d9     4%          1
b - Scorch                Fire           74%        2d8       4%          2

Your spell library contained the following spells:

 Spells                   Type           Power      Damage    Failure   Level
 Conjure Flame            Conj/Fire      33%        6-21      12%         3
 Apportation              Tloc           8%         N/A       16%         1
 Necrotise                Necr           16%        1d4       16%         1
 Summon Small Mammal      Summ           16%        N/A       16%         1
 Inner Flame              Hex/Fire       21%        N/A       22%         3
 Flame Wave               Conj/Fire      33%        2d10      36%         4
 Call Canine Familiar     Summ           4%         N/A       43%         3
 Gell's Gravitas          Tloc           4%         N/A       43%         3
 Lesser Beckoning         Tloc           4%         N/A       43%         3
 Portal Projectile        Hex/Tloc       8%         N/A       43%         3
 Teleport Other           Tloc           4%         N/A       43%         3
 Leda's Liquefaction      Hex/Erth       2%         N/A       83%         4


Dungeon Overview and Level Annotations

Branches:
Dungeon (4/15)             Temple (0/1) D:4

Altars:
Okawaru
Ru

Shops:
D:2 (

Annotations:
D:3 ghost, ctx's ghost, amateur GnEE


Innate Abilities, Weirdness & Mutations

You have a pair of horns on your head.
A weak demonic guardian rushes to your aid.
You are partially covered in razor-sharp scales. (AC +1, Slay +1)


Message History

Confirm with . or Enter, or press ? or * to list all spells.
You feel a surge of power!
Flames lash the iguana.
You kill the iguana!
You hear an angry hiss.
You hear a shout! x3
An iguana comes into view.
An orc comes into view. It is wielding a +0 falchion.
An orc comes into view. It is wielding a +0 falchion.
Casting: Scorch (safe; 4% risk of failure)
Confirm with . or Enter, or press ? or * to list all spells.
You don't have enough magic to cast this spell.
An orc comes into view. It is wielding a +0 mace.
The iguana hisses menacingly.
You feel a surge of power!
You conjure some foxfire!
You hit the iguana.
The iguana is lightly wounded.
The foxfire hits the iguana but does no damage.
The iguana is lightly wounded.
The foxfire hits the iguana.
The iguana is moderately wounded.
The iguana bites you.
You hit the iguana but do no damage.
You headbutt the iguana, but do no damage.
The iguana is moderately wounded.
The iguana bites you! The orc hits you with a +0 falchion.
The iguana attacks as you move away! The iguana bites you!
* * * LOW HITPOINT WARNING * * *
The iguana attacks as you move away! The iguana closely misses you.
The orc attacks as you move away! The orc closely misses you.
The iguana bites you!
* * * LOW HITPOINT WARNING * * *
A demonic guardian appears!
It was a potion of brilliance.
You feel clever all of a sudden.
Your iron imp hits the orc.
The orc closely misses you. The iguana barely misses you.
The orc hits you but does no damage.
It was a potion of curing.
You feel better.
Your iron imp closely misses the orc.
The orc hits you with a +0 falchion.
* * * LOW HITPOINT WARNING * * *
The iguana bites you!
You die...

#'#### #....#
#...########
#...##......
#........... ..
#........... #..
#........... ....
##.5##...##.
.#..###########o@##...##
........#......ol......#
⌠.#.....#..............#
....#...#[..o..........#
l.⌠..†#................#
#....(.............#
#...###....###...##.##
....#####....####### .#
.#. #.......# .


You could see an iguana (ally target), 3 orcs and a friendly iron imp
(summoned).

Vanquished Creatures
  Sigmund (D:2)
  An iguana (D:4)
  Robin (D:2)
  3 gnolls (D:2)
  7 adders
  A worm (D:2)
  2 dart slugs
  2 orcs
  8 bats
  10 endoplasms
  19 goblins
  5 hobgoblins
  2 jackals (D:1)
  A quokka (D:1)
  8 ball pythons
  2 frilled lizards
  5 kobolds
  7 rats
85 creatures vanquished.

Vanquished Creatures (others)
  81 foxfires
81 creatures vanquished.

Grand Total: 166 creatures vanquished

Notes
Turn   | Place    | Note
-------+----------+-------------------------------------------
     0 | D:1      | bubby the Demonspawn Fire Elementalist began the quest for
                  | the Orb.
     0 | D:1      | Reached XP level 1. HP: 13/13 MP: 3/3
   562 | D:1      | Gained mutation: You have a pair of small horns on your
                  | head. [demonic ancestry]
   562 | D:1      | Reached XP level 2. HP: 18/19 MP: 0/5
  1612 | D:1      | Found a faded altar of an unknown god.
  1616 | D:1      | Reached XP level 3. HP: 20/24 MP: 6/6
  1819 | D:2      | Noticed Robin
  2628 | D:2      | Killed Robin
  2718 | D:2      | Noticed Sigmund
  2738 | D:2      | Learned a level 2 spell: Scorch
  2812 | D:2      | Found Lozeklent's Weapon Shoppe.
  2847 | D:2      | Killed Sigmund
  2848 | D:2      | Gained mutation: You have a pair of horns on your head.
                  | [demonic ancestry]
  2848 | D:2      | Reached XP level 4. HP: 28/30 MP: 0/8
  2848 | D:2      | Gained mutation: You are partially covered in razor-sharp
                  | scales. (AC +1, Slay +1) [demonic ancestry]
  2848 | D:2      | Reached XP level 5. HP: 33/35 MP: 0/9
  3554 | D:2      | Gained mutation: A weak demonic guardian rushes to your
                  | aid. [demonic ancestry]
  3554 | D:2      | Reached XP level 6. HP: 41/41 MP: 10/10
  3864 | D:3      | Found a transporter.
  3864 | D:3      | Noticed ctx's ghost (amateur GnEE)
  3991 | D:3      | Found a transporter.
  4149 | D:3      | Found an iron altar of Okawaru.
  4483 | D:3      | Found a sacrificial altar of Ru.
  5185 | D:4      | Identified the +0 robe "Juestropn" {rElec rC+ Str+2}
  5201 | D:4      | Found a staircase to the Ecumenical Temple.
  5258 | D:4      | HP: 2/41 [iguana (9)]
  5261 | D:4      | Slain by an iguana

Illustrated notes

Levels and vault maps discovered:
D:1:      lemuel_arrival_rhombus, layout_loops_cross,
          dreamdust_ecumenical_altar_hidden_monk_grotto,
          corexii_item_surrounded_by_moat, hex_medium, minmay_heptomino_l4
D:2:      minmay_wonky_spiral, layout_loops_ring, serial_shops,
          nicolae_shop_advertising_works [nicolae_subvault_shop_adworks],
          nicolae_underground_beach, uniq_robin, uniq_sigmund
D:3:      layout_loops_corners, nicolae_ru_the_path_less_chosen,
          lemuel_doored_altar, gammafunk_ghost_mausoleum, saegor_snake_ambush
D:4:      layout_gridville, minmay_temple_entry_sparse_star

Skill      XL: |  1  2  3  4  5 |
---------------+----------------+-----
Stealth        | 2 3 |  3.4
Dodging        | 2 3 |  3.2
Fire Magic     | 3 |  3.7
Spellcasting   | 3 |  3.3
Conjurations   | 2 |  2.9

Action                   |  1- 3 |  4- 6 || total
-------------------------+-------+-------++-------
Melee: Dagger            |   116 |     2 ||   118
       Unarmed           |     1 |       ||     1
       Headbutt          |    15 |     5 ||    20
       Punch             |     1 |       ||     1
       Halberd           |       |    23 ||    23
       Staff             |       |     4 ||     4
 Cast: Foxfire           |    32 |    24 ||    56
       Scorch            |     4 |    30 ||    34
  Use: Potion            |       |     2 ||     2
 Stab: Sleeping          |     2 |     4 ||     6
Armor: Robe              |    21 |    11 ||    32
Dodge: Dodged            |    97 |    24 ||   121
